[Event "*** Titled Tuesday Blitz"]
[Site "Chess.com"]
[Date "2020.05.05"]
[Round "8"]
[White "Gennady_Kozlov"]
[Black "JulAnt"]
[Result "1-0"]
[WhiteElo "2589"]
[BlackElo "2452"]
[TimeControl "180+1"]
[EndTime "11:36:00 PDT"]
[Termination "Gennady_Kozlov won by resignation"]

1. b3 Nf6 2. Bb2 g6 3. e3 Bg7 4. f4 O-O 5. Nf3 d6 6. Be2 b6 7.
O-O Bb7 8. a4 a6 9. d3 Nbd7 10.
Na3 Re8 11. Rb1 e5 12. fxe5 Nxe5 13. Nxe5 dxe5 14. Nc4 Nd5 15. e4 Nf4 16. Bf3 b5 17. Ne3 bxa4 18. bxa4 Bc6 19. a5 Rb8 20. Bc3 Qe7 21.
g3 Ne6 22. Nc4 Qc5+ 23. Kg2 Nd4 24. Bxd4 Qxd4 25. Qd2 Bb5 26. Ne3 Bc6 27. Nc4 Bb5 28. Qe3 Bxc4 29. Qxd4 exd4 30. dxc4 Be5 31. Kf2 Bd6 32. Ke2 Bc5 33. Kd3 Kg7 34. Bg4 Red8 35. Bh3 Bb4 36. Bg4 Bxa5 37. Rxb8 Rxb8 38. Ra1 Bc3 39.
Rxa6 Rb1 40. Rc6 Rh1 41. h3 Rg1 42. c5 Rxg3+ 43. Kc4 Rg2 44. Rxc7 Rxc2 45. Rd7 Kf6 46. Kd5 d3 47. c6 Be5 48. Rb7 d2 49. Rb3 Bh2 50.
Rf3+ Ke7 51. Rd3 Bf4 52. e5 Kd8 53. Ke4+ Kc7 54. Kxf4 Rxc6 55. Rxd2 Rc4+ 56. Kg5 Re4 57. Kf6 Rf4+ 58. Ke7 h5 59. Rc2+ Kb6 60. Bd7 g5 61. Rc6+ Kb7 62. Rf6 Re4 63. Bc6+ 1-0

[Event "*** Titled Tuesday Blitz"]
[Site "Chess.com"]
[Date "2020.05.05"]
[Round "8"]
[White "FeketeBarika"]
[Black "Tashik"]
[Result "1/2-1/2"]
[WhiteElo "2303"]
[BlackElo "2449"]
[TimeControl "180+1"]
[EndTime "11:36:02 PDT"]
[Termination "Game drawn - insufficient material"]

1. Nf3 d5 2. g3 c5 3. Bg2 Nf6 4.
O-O e6 5. c4 Be7 6. cxd5 Nxd5 7. d4 Nc6 8. e4 Nf6 9. e5 Nd5 10. Nc3 Nxc3 11. bxc3 O-O 12. Be3 h6 13. h4 b6 14. Qd3 a5 15. Rfb1 Ba6 16. Qe4 Rc8 17.
dxc5 bxc5 18. Rd1 Qc7 19. Qg4 Nxe5 20. Nxe5 Qxe5 21. Bxh6 f5 22. Qg6 Qf6 23. Qxf6 Bxf6 24. Be3 Bxc3 25. Rac1 Bb4 26. Rd6 Bb5 27. Rxe6 Rfd8 28.
Re5 Ba3 29. Rb1 Bd3 30. Rb3 Bb4 31. Bd5+ Rxd5 32. Rxd5 Bc4 33. Rxf5 Bxb3 34. axb3 c4 35. bxc4 Rxc4 36. Rd5 a4 37. Rd8+ Kh7 38. Rd7 a3 39. Bd4 Rxd4 40. Rxd4 a2 41. Rd1 Bc3 42. Kg2 a1=Q 43. Rxa1 Bxa1 44. Kf3 Kg6 45. Kg4 Bd4 46. f3 Bf2 47. Kf4 Be1 48. Kg4 Bf2 49. f4 Be1 50.
h5+ Kf6 51. Kf3 Kf5 52. g4+ Kf6 53. Ke4 Bd2 54. g5+ Kf7 55. Kf5 Bc1 56. g6+ Ke7 57. Kg5 Ke6 58. h6 gxh6+ 59. Kxh6 Bxf4+ 60. Kh7 Be5 61. g7 Bxg7 1/2-1/2

[Event "*** Titled Tuesday Blitz"]
[Site "Chess.com"]
[Date "2020.05.05"]
[Round "8"]
[White "FMalexhdez"]
[Black "HouseOfDurin"]
[Result "0-1"]
[WhiteElo "2109"]
[BlackElo "1994"]
[TimeControl "180+1"]
[EndTime "11:36:02 PDT"]
[Termination "HouseOfDurin won by resignation"]

1. e4 c5 2. Nf3 Nc6 3. d4 cxd4 4. Nxd4 e5 5. Nb5 d6 6. N1c3 a6 7. Na3 b5 8. Nd5 Nf6 9. Bg5 Be7 10. Bxf6 Bxf6 11.
c3 O-O 12. Nc2 Bg5 13. Nce3 Bxe3 14. Nxe3 Be6 15. Bd3 Ne7 16. O-O d5 17. exd5 Nxd5 18. Nxd5 Qxd5 19. Qc2 f5 20. f3 Qc5+ 21. Kh1 g6 22. Rfe1 Rfe8 23. a4 b4 24. cxb4 Qxb4 25. Rxe5 Bb3 26. Qe2 Bxa4 27. Bc4+ Kg7 28. h4 Rab8 29.
Rxa4 Qxa4 30. Re7+ Rxe7 31. Qxe7+ Kh6 32. Qe3+ Kg7 33.
Qe5+ Kh6 34. Qxb8 Qxc4 35. Qf8+ Kh5 36. Qf6 Qxh4+ 37. Qxh4+ Kxh4 38. b4 f4 39. Kh2 h6 40.
Kg1 Kg3 41. Kf1 h5 42. Kg1 h4 43. Kh1 g5 44. Kg1 h3 45. b5 axb5 46. Kh1 hxg2+ 47. Kg1 Kxf3 0-1

[Event "*** Titled Tuesday Blitz"]
[Site "Chess.com"]
[Date "2020.05.05"]
[Round "8"]
[White "bait_or_mate"]
[Black "Mikhail_Biryukov"]
[Result "0-1"]
[WhiteElo "2533"]
[BlackElo "2696"]
[TimeControl "180+1"]
[EndTime "11:36:03 PDT"]
[Termination "Mikhail_Biryukov won on time"]

1. d4 Nf6 2. c4 e6 3. Nf3 d5 4.
g3 dxc4 5. Bg2 Bb4+ 6. Nbd2 c5 7. dxc5 Nbd7 8. O-O Nxc5 9. Nxc4 Qxd1 10. Rxd1 Ncd7 11. a3 Be7 12. Bf4 Nd5 13. Bd6 b5 14. Bxe7 Kxe7 15. Na5 Re8 16. Nd4 Ba6 17. Ndc6+ Kf8 18. Bxd5 exd5 19.
Rxd5 Nb6 20. Rd2 Re6 21. Nb4 Na4 22. Rc1 Rae8 23. e3 Bc8 24. Rc7 a6 25. Rdc2 Nb6 26.
Nd3 Rd6 27. Nf4 Bf5 28. Rc1 g5 29. Ne2 Rd2 30. Nd4 Be4 31. Nab3 Rxb2 32. Nc5 Ba8 33. Nxa6 Nd5 34. R7c2 Rxc2 35. Rxc2 Rd8 36. Nc7 Nf6 37. Ncxb5 Be4 38. Rc5 h6 39. f3 Bd3 40. Rc3 Bxb5 41.
Nxb5 Rd2 42. a4 Nd5 43. Ra3 Nb4 44. a5 Na6 45. Nd4 Kg7 46. Nf5+ Kg6 47. e4 h5 48. Ne3 h4 49. gxh4 gxh4 50. f4 h3 51. Ng4 Kh5 52. Nf6+ Kh4 53. Rg3 Rd1+ 54. Kf2 Rd2+ 55. Ke3 Rg2 56.
Rxg2 hxg2 57. Kf2 Kh3 58. e5 Kxh2 59. Ng4+ Kh1 0-1

[Event "*** Titled Tuesday Blitz"]
[Site "Chess.com"]
[Date "2020.05.05"]
[Round "8"]
[White "bancsoo"]
[Black "Sanan_Sjugirov"]
[Result "1-0"]
[WhiteElo "2748"]
[BlackElo "2846"]
[TimeControl "180+1"]
[EndTime "11:36:04 PDT"]
[Termination "bancsoo won by resignation"]

1. Nf3 d5 2. g3 Bg4 3. Bg2 c6 4. O-O e6 5. h3 Bh5 6. d4 Nf6 7.
c4 Be7 8. Qb3 Qb6 9. Nc3 Nbd7 10. g4 Bg6 11. Ne5 Nxe5 12. dxe5 Nd7 13. cxd5 cxd5 14. Qxb6 Nxb6 15. f4 f5 16. Be3 Nc4 17.
Bd4 a6 18. Rac1 Na5 19. Na4 Nc6 20. Bc5 Rb8 21. Rc3 Rf8 22. g5 Bh5 23. Kf2 h6 24.
h4 Kd7 25. Rfc1 hxg5 26. hxg5 Rh8 27. e3 Be8 28. Bxe7 Kxe7 29. Nc5 a5 30. a3 Rh4 31. Kf3 Rh8 32. Kg3 b6 33. Nb3 Rc8 34. Nd4 Nxd4 35. exd4 Rxc3+ 36. Rxc3 Kd8 37. Rc1 Bd7 38. b4 axb4 39. axb4 Bb5 40. Ra1 Bc6 41. Ra7 Rg8 42. g6 Kc8 43. Re7 Bd7 44. Rf7 Kd8 45. Kh4 Be8 46.
Rb7 Bxg6 47. Rb8+ 1-0

[Event "*** Titled Tuesday Blitz"]
[Site "Chess.com"]
[Date "2020.05.05"]
[Round "8"]
[White "m_ezat"]
[Black "BaMBoMaTTo"]
[Result "1-0"]
[WhiteElo "2491"]
[BlackElo "2648"]
[TimeControl "180+1"]
[EndTime "11:36:04 PDT"]
[Termination "m_ezat won by resignation"]

1. d4 Nf6 2. c4 e6 3. Nc3 Bb4 4. e3 O-O 5. a3 Bxc3+ 6. bxc3 c5 7. Bd3 b6 8. Ne2 Nc6 9. O-O Ba6 10. e4 d6 11. Bg5 h6 12. Bh4 e5 13. f4 exf4 14. Nxf4 g5 15. Nh5 Nxh5 16. Qxh5 Kg7 17. e5 dxe5 18. Rxf7+ Rxf7 19. Qg6+ Kf8 20. Qxh6+ Rg7 21.
Rf1+ Kg8 22. Qe6+ Kh8 23. Rf6 Qxf6 24. Qxf6 gxh4 25. Qxc6 Bb7 26. Qh6+ Kg8 27. Qe6+ Kh8 28. d5 Rf8 29. Qh6+ Kg8 30. Bf5 Rxf5 31. Qe6+ Rgf7 32.
h3 Rg5 33. g4 hxg3 34. Kg2 Kg7 35. h4 Rf2+ 36. Kg1 Rg6 37. Qxe5+ Rff6 38. h5 Rg4 39. h6+ Kg6 40. h7 Rh4 41. Qxg3+ 1-0

[Event "*** Titled Tuesday Blitz"]
[Site "Chess.com"]
[Date "2020.05.05"]
[Round "8"]
[White "mariofs"]
[Black "InitiatingASC"]
[Result "0-1"]
[WhiteElo "2162"]
[BlackElo "2313"]
[TimeControl "180+1"]
[EndTime "11:36:05 PDT"]
[Termination "InitiatingASC won by resignation"]

1. d4 d5 2. c4 e6 3. Nf3 c5 4. cxd5 exd5 5. g3 Nc6 6. Bg2 Nf6 7. O-O Be7 8. Nc3 O-O 9. Bf4 c4 10. Re1 Be6 11. Ne5 Qa5 12. e4 Rad8 13. Nxc6 bxc6 14. e5 Nd7 15. h4 Rb8 16. Qd2 Nb6 17. Nxd5 Qxd5 18.
Bxd5 Nxd5 19. Bg5 Bb4 20. Qe2 Bxe1 21. Rxe1 Nb4 22. Be7 Rfe8 23. Bxb4 Rxb4 24. Qc2 Reb8 25. Rb1 g6 26. Qc3 Bf5 27. Rc1 Be6 28. Rc2 h5 29.
Rd2 Bd5 30. f3 a5 31. g4 hxg4 32. fxg4 Kg7 33. h5 Rh8 34. Rh2 Be6 35. Qf3 gxh5 36. gxh5 Kh7 37. Qe4+ Kh6 38. Qf4+ Kh7 39. Qe4+ Kh6 40.
Qxc6 Rg8+ 41. Kf1 Rg4 42. d5 c3 43. dxe6 cxb2 44. exf7+ Kg7 45. Qc2 b1=Q+ 46. Qxb1 Rxb1+ 47. Ke2 Rb2+ 48. Kf3 Rxh2 49. Kxg4 Kxf7 50. Kg5 Rxa2 51. h6 Ke6 52. Kg6 Rh2 53. h7 Kxe5 54. Kg7 a4 55.
Kh8 a3 56. Kg8 0-1

[Event "*** Titled Tuesday Blitz"]
[Site "Chess.com"]
[Date "2020.05.05"]
[Round "8"]
[White "Belka1989"]
[Black "canary2016"]
[Result "0-1"]
[WhiteElo "2095"]
[BlackElo "1924"]
[TimeControl "180+1"]
[EndTime "11:36:05 PDT"]
[Termination "canary2016 won by checkmate"]

1. e4 c6 2. d4 d5 3. Nc3 dxe4 4. Nxe4 Nf6 5. Nxf6+ exf6 6. Be3 Bd6 7. Qd2 O-O 8.
O-O-O Be6 9. Bd3 Nd7 10. Kb1 Qc7 11. Nf3 Rfd8 12. h4 c5 13. h5 cxd4 14. Bxd4 Ne5 15. Bc3 Nxd3 16. Qxd3 Be5 17. Bxe5 fxe5 18. Qe4 Qa5 19.
a3 Qc7 20. Ng5 h6 21. Qh7+ Kf8 22. Qh8+ Ke7 23. Nxe6 Kxe6 24. Qxg7 Rh8 25. f4 Rag8 26. f5+ Ke7 27. Rd7+ Qxd7 28. Qxe5+ Kf8 29. Qc5+ Qe7 30. Qc8+ Kg7 31. Qc3+ Kh7 32. Qd3 Rd8 33. Qf3 Rhg8 34. f6 Qe6 35. Rf1 Rd7 36. Qc3 Rgd8 37. Qe1 Rd1+ 38.
Qxd1 Rxd1+ 39. Rxd1 Qxf6 40. Rd7 Qf1+ 41. Ka2 Qxg2 42. Rxf7+ Kg8 43. Rc7 Qd5+ 44. b3 Qg2 45. Rc8+ Kf7 46. Rc7+ Ke8 47. Rc8+ Kd7 48. Rh8 Qxc2+ 49.
Ka1 Qc3+ 50. Ka2 Qxh8 51. Kb1 Qe5 52. Ka2 Qxh5 53. Kb1 Qe2 54. Ka1 h5 55. Kb1 h4 56.
Ka1 h3 57. Kb1 h2 58. Ka1 h1=Q# 0-1

[Event "*** Titled Tuesday Blitz"]
[Site "Chess.com"]
[Date "2020.05.05"]
[Round "8"]
[White "lachesisQ"]
[Black "vpsetter"]
[Result "1-0"]
[WhiteElo "3099"]
[BlackElo "2656"]
[TimeControl "180+1"]
[EndTime "11:36:06 PDT"]
[Termination "lachesisQ won by resignation"]

1. e4 e5 2. Nf3 Nc6 3. Bb5 Nf6 4.
O-O Nxe4 5. d4 Nd6 6. Bxc6 dxc6 7. dxe5 Nf5 8. Qxd8+ Kxd8 9. Nc3 Be7 10. h3 Nh4 11. Nxh4 Bxh4 12. Be3 h5 13. Rad1+ Ke8 14. Ne2 Be7 15. f4 g6 16. Nd4 Bc5 17. Rfe1 Bxd4 18. Rxd4 Bf5 19. c3 Rd8 20. Red1 Rxd4 21. Rxd4 b6 22. Bf2 c5 23. Rd2 Ke7 24. Bh4+ Ke6 25.
Kf2 Rc8 26. Kf3 c4 27. Rd4 Bd3 28. Bf6 a5 29. g4 hxg4+ 30. hxg4 a4 31. a3 Ra8 32. Bd8 Ra5 33. Bxc7 Rd5 34. Bxb6 Rxd4 35. cxd4 Kd5 36. Ke3 Bc2 37. Kf3 Bd1+ 38. Kg3 Bc2 39. Kh4 Ke6 40. Kg5 Be4 41. Bc7 Bd3 42. f5+ gxf5 43. gxf5+ Kd7 44. Ba5 Be4 45. Kf6 Bd5 46.
Kg7 Be4 47. e6+ fxe6 48. f6 1-0

[Event "*** Titled Tuesday Blitz"]
[Site "Chess.com"]
[Date "2020.05.05"]
[Round "8"]
[White "swimmerchess"]
[Black "MaxVavulin"]
[Result "1/2-1/2"]
[WhiteElo "2723"]
[BlackElo "2610"]
[TimeControl "180+1"]
[EndTime "11:36:06 PDT"]
[Termination "Game drawn by agreement"]

1. e4 e5 2. Nf3 Nc6 3. Bb5 a6 4.
Ba4 Nge7 5. c3 g6 6. d4 exd4 7. cxd4 b5 8. Bb3 Bg7 9. d5 Na5 10. Bd2 c5 11. d6 Nec6 12. Bc3 O-O 13. O-O Nxb3 14. Qxb3 c4 15. Qc2 Bb7 16. a4 Re8 17.
Bxg7 Kxg7 18. Na3 Qf6 19. axb5 Nb4 20. Qxc4 Rxe4 21. Qc7 Bd5 22. Qxd7 Re6 23. Rfe1 Rd8 24. Rxe6 Bxe6 25. Qe7 Qxb2 26. Rb1 Rc8 27. h3 Qxa3 28. d7 Rc1+ 29. Kh2 Bxd7 30. Rxc1 Qxc1 31. Qxd7 Qf4+ 32. Kh1 axb5 33. Qxb5 Qe4 34. Ng5 Qe1+ 35. Kh2 h6 36. Nf3 Qe4 37. Kg1 Nd3 38. Qd7 Nf4 39. Kh2 Ne6 40.
Qd2 Qf4+ 41. Qxf4 Nxf4 42. g3 Nd3 43. Kg2 Kf6 44. h4 Ne5 45. Nxe5 Kxe5 46. Kf3 Kf5 1/2-1/2

[Event "*** Titled Tuesday Blitz"]
[Site "Chess.com"]
[Date "2020.05.05"]
[Round "8"]
[White "BikingBrian"]
[Black "DinaBelenkaya"]
[Result "1-0"]
[WhiteElo "2283"]
[BlackElo "2125"]
[TimeControl "180+1"]
[EndTime "11:36:07 PDT"]
[Termination "BikingBrian won on time"]

1. d4 Nf6 2. Bg5 Ne4 3. Bf4 d5 4. f3 Nd6 5. Nc3 c6 6. e4 e6 7. Bd3 Be7 8. Nge2 Bg5 9. O-O Bxf4 10.
Nxf4 O-O 11. Qe1 Qg5 12. Nh3 Qh6 13. f4 dxe4 14. Nxe4 Nxe4 15. Bxe4 Nd7 16. Ng5 Nf6 17. Bd3 g6 18. Rf3 Qg7 19. c3 Bd7 20. Ne4 Nxe4 21. Qxe4 Rac8 22. Qe5 c5 23. Qxg7+ Kxg7 24. dxc5 Rxc5 25. Be4 Bc6 26. Bxc6 Rxc6 27. Rd1 Rfc8 28.
Rd7 R8c7 29. Rfd3 Kf6 30. Kf2 h5 31. Kf3 Kf5 32. g3 f6 33. h3 e5 34. g4+ Ke6 35.
Rxc7 hxg4+ 36. hxg4 Rxc7 37. fxe5 fxe5 38. Rd8 Rf7+ 39.
Kg3 e4 40. c4 Rf3+ 41. Kg2 Ke5 42. Re8+ Kd4 43. c5 Ke3 44. b4 Rf2+ 45. Kg3 Rxa2 46. b5 Rc2 47. Re7 Rxc5 48. Rxb7 Ke2 49. Rxa7 Rxb5 50.
Ra6 g5 51. Ra2+ Ke3 52. Ra3+ Kd2 53. Ra2+ Kd3 54. Ra3+ Kd4 55. Ra4+ Kd3 56. Ra3+ Kc2 57. Re3 1-0

[Event "*** Titled Tuesday Blitz"]
[Site "Chess.com"]
[Date "2020.05.05"]
[Round "8"]
[White "neurisdr"]
[Black "Shoytan"]
[Result "0-1"]
[WhiteElo "2766"]
[BlackElo "2600"]
[TimeControl "180+1"]
[EndTime "11:36:09 PDT"]
[Termination "Shoytan won by resignation"]

1. e4 e6 2. d4 d5 3. Nd2 c5 4. Ngf3 cxd4 5. Nxd4 Nf6 6. exd5 Qxd5 7. Nb5 Qd8 8. Qf3 Na6 9. c3 Be7 10. Nc4 O-O 11.
Qg3 Bd7 12. a4 Ne4 13. Qf3 Bc6 14. Nd4 Bd5 15. Qh3 Bh4 16. g3 Bf6 17. Bd3 Nac5 18.
Be2 Nxf2 19. Kxf2 Bxh1 20. Be3 Be4 21. Rd1 Qc7 22. Nb5 Qe7 23. Ncd6 Bf5 24. Nxf5 Ne4+ 25. Kf1 exf5 26. Qxf5 Nxg3+ 27. hxg3 Qxe3 28. Bd3 Qh6 29. Nd6 Rad8 30. Bc2 Be7 31. Ne4 Qh1+ 32. Ke2 Qh2+ 33. Nf2 Rxd1 34. Bxd1 Bf6 35. Kf1 Re8 36. g4 Qe5 37. Qf3 Bh4 38. Bb3 Qe1+ 39. Kg2 Qxf2+ 40. Qxf2 Bxf2 41. Kxf2 Re5 42. Kf3 b6 43. Bc4 Rc5 44.
Bd3 Kf8 45. Ke4 g6 46. Kd4 h5 47. Be2 h4 48. Bf3 h3 49. b4 Rg5 50. c4 f5 51.
gxf5 Rxf5 52. Be4 Rf4 53. Ke5 Rxe4+ 54. Kxe4 h2 0-1

[Event "*** Titled Tuesday Blitz"]
[Site "Chess.com"]
[Date "2020.05.05"]
[Round "8"]
[White "Usurpov"]
[Black "DanielTitichoca"]
[Result "0-1"]
[WhiteElo "2441"]
[BlackElo "2309"]
[TimeControl "180+1"]
[EndTime "11:36:09 PDT"]
[Termination "DanielTitichoca won on time"]

1. e4 c5 2. Nf3 d6 3. Bb5+ Nc6 4. O-O Nf6 5. Re1 g6 6. c3 Bg7 7. d4 cxd4 8. cxd4 O-O 9. Nc3 Bg4 10. Be3 Nd7 11.
Be2 Rc8 12. Rc1 a6 13. Qd2 b5 14. h3 Bxf3 15. Bxf3 e6 16. g3 Nb6 17. b3 e5 18. d5 Nd4 19. Bxd4 exd4 20. Ne2 Qf6 21. Bg2 Rc5 22. Qa5 Nd7 23. Qd2 Rfc8 24. f4 h5 25. Kh2 Nb6 26. h4 Qe7 27. Rcd1 Rc2 28. Qd3 Rxa2 29. Rd2 Rxd2 30. Qxd2 Qc7 31. Nxd4 Qc3 32. Qxc3 Rxc3 33. Nc6 Rxb3 34. e5 dxe5 35. fxe5 Rb2 36.
Kg1 b4 37. d6 a5 38. Nd4 a4 39. Nb5 a3 40. e6 fxe6 41. Bh3 a2 42. Bxe6+ Kh7 43. Bxa2 Rxa2 44. Re7 Rd2 45. Rb7 Nc4 46. d7 b3 0-1

[Event "*** Titled Tuesday Blitz"]
[Site "Chess.com"]
[Date "2020.05.05"]
[Round "8"]
[White "quesfr"]
[Black "Bacyanide"]
[Result "1-0"]
[WhiteElo "2274"]
[BlackElo "2410"]
[TimeControl "180+1"]
[EndTime "11:36:09 PDT"]
[Termination "quesfr won on time"]

1. e4 c6 2. d4 d5 3. e5 c5 4.
dxc5 Nc6 5. a3 Nxe5 6. b4 Nf6 7. Bb2 Ned7 8. c4 dxc4 9. Bxc4 g6 10. Nf3 Bg7 11.
Bxf7+ Kxf7 12. Ng5+ Ke8 13. Ne6 Kf7 14. Nxd8+ Rxd8 15. Qb3+ e6 16. O-O Nf8 17. Nc3 Bd7 18. Rad1 g5 19.
Rfe1 Bc6 20. b5 Rxd1 21. Rxd1 Be8 22. f3 Rc8 23. Ne4 Nxe4 24. fxe4 Rxc5 25. Rf1+ Kg6 26.
Bxg7 Kxg7 27. Qb2+ e5 28. Qf2 Nd7 29. a4 b6 30. h4 Bg6 31. hxg5 Rc8 32. Rd1 Nc5 33. Qf6+ Kg8 34. Qxe5 Re8 35. Qd5+ Kg7 36. e5 Re7 37. Rf1 Bf7 38. Qd6 Rd7 39. Qf6+ Kg8 40. Re1 Ne6 41. Rc1 Rd8 42. Qe7 Rf8 43. Qxa7 Nxg5 44. Qxb6 Bd5 45. Qc5 Be4 46. Qe3 1-0

[Event "*** Titled Tuesday Blitz"]
[Site "Chess.com"]
[Date "2020.05.05"]
[Round "8"]
[White "BillieKimbah"]
[Black "praveenb2002"]
[Result "1/2-1/2"]
[WhiteElo "2863"]
[BlackElo "2734"]
[TimeControl "180+1"]
[EndTime "11:36:10 PDT"]
[Termination "Game drawn - insufficient material"]

1. d4 d5 2. c4 c6 3. Nf3 Nf6 4.
Nc3 dxc4 5. e4 b5 6. Be2 b4 7. Na4 Nxe4 8. Bxc4 Bf5 9. O-O e6 10.
Re1 Be7 11. Bd3 Nd6 12. Bf4 Bxd3 13. Qxd3 O-O 14. Rac1 Nf5 15. b3 a5 16. h3 h6 17.
g4 Nd6 18. Ne5 Nb5 19. Red1 Ra6 20. Nxc6 Rxc6 21. Qxb5 Qd5 22. Qxd5 exd5 23. Nc5 Rfc8 24. Re1 Bf6 25. Bxb8 Rxb8 26. Nd7 Rbc8 27. Nxf6+ gxf6 28. Rxc6 Rxc6 29. Re8+ Kg7 30. Ra8 Rc1+ 31. Kg2 Rd1 32. Rxa5 Rxd4 33. Ra4 Rd2 34. Kf3 Kg6 35. Ke3 Rb2 36.
Rxb4 Rxa2 37. h4 h5 38. f3 Rh2 39. Rd4 Rxh4 40. b4 Rh1 41. gxh5+ Rxh5 42. b5 Re5+ 43. Kd3 Kf5 44. b6 Re8 45. b7 Rb8 46. Rb4 Ke5 47.
Rb6 d4 48. Rb5+ Kd6 49. Kxd4 Kc6 50. Rb1 Rxb7 51. Rxb7 Kxb7 52. Ke4 Kc7 53. Kf5 Kd7 54.
Kxf6 Ke8 55. f4 Kf8 56. f5 Ke8 57. Kg7 Ke7 58. Kg8 Kf6 59. Kf8 Kxf5 60. Kxf7 1/2-1/2

[Event "*** Titled Tuesday Blitz"]
[Site "Chess.com"]
[Date "2020.05.05"]
[Round "8"]
[White "1977Ivan"]
[Black "Khamrakulov_Djurabek"]
[Result "0-1"]
[WhiteElo "2639"]
[BlackElo "2816"]
[TimeControl "180+1"]
[EndTime "11:36:10 PDT"]
[Termination "Khamrakulov_Djurabek won by resignation"]

1. e4 d5 2. exd5 Qxd5 3. Nc3 Qd8 4. d4 Nf6 5. Nf3 g6 6. Bg5 Bg7 7. Qd2 O-O 8. Bh6 b6 9. O-O-O Bb7 10. Be2 e6 11.
Bxg7 Kxg7 12. h4 h5 13. Ne5 Nbd7 14. Qg5 Nd5 15. Nxd5 Bxd5 16. Nxd7 Qxd7 17. Bxh5 Bxa2 18. Bf3 f6 19. Qg3 Bd5 20. h5 g5 21. Bxd5 exd5 22.
f4 Kh6 23. Rde1 Rae8 24. Rxe8 Rxe8 25. fxg5+ fxg5 26. Rf1 Qe7 27. Kb1 Rf8 28. Re1 Qd6 29.
Qg4 Rf6 30. Qc8 Rf8 31. Re6+ Kxh5 32. Rxd6 Rxc8 33. Rxd5 Kh4 34. Rd7 Kg3 35. Rg7 g4 36.
d5 b5 37. b3 b4 38. Kb2 Rd8 39. Rxc7 Kxg2 40. Rc4 g3 41. Rxb4 Kf3 42. Rb7 Rg8 43. Rf7+ Ke3 44. Re7+ Kd2 45. Rf7 g2 46. Rf2+ Ke3 47.
Rxg2 Rxg2 48. Kc3 Rd2 49. Kc4 Rxc2+ 50. Kb5 Ke4 51. d6 Ke5 52. d7 Rd2 53. Kc6 Ke6 54.
b4 Rxd7 55. b5 Rd6+ 56. Kb7 Rb6+ 57. Kxa7 Rxb5 0-1

[Event "*** Titled Tuesday Blitz"]
[Site "Chess.com"]
[Date "2020.05.05"]
[Round "8"]
[White "yamalchess"]
[Black "UmutErdemGunduz"]
[Result "1-0"]
[WhiteElo "2548"]
[BlackElo "2409"]
[TimeControl "180+1"]
[EndTime "11:36:10 PDT"]
[Termination "yamalchess won by resignation"]

1. d4 Nf6 2. c4 e6 3. Nc3 c5 4. d5 exd5 5. cxd5 d6 6. e4 g6 7.
Nf3 Bg7 8. h3 O-O 9. Bd3 b5 10.
Bxb5 Qa5 11. Qa4 Qb6 12. O-O Na6 13. Re1 Nc7 14. Bc6 Rb8 15. Bf4 Nfe8 16. e5 dxe5 17. Nxe5 Qxb2 18. Rac1 Rb4 19. Qxa7 Rxf4 20. Nd3 Bxc3 21.
Nxb2 Bxb2 22. Rb1 Bd4 23. Re2 Ba6 24. Rxe8 Nxe8 25. Qxa6 Rxf2 26. Kh1 Nd6 27. Rf1 Rxf1+ 28. Qxf1 Ne4 29. Qf4 Nf2+ 30. Kh2 Nd3 31. Qe4 Ne5 32. d6 Rd8 33. d7 Kf8 34. Qd5 Ke7 35. Bb5 f5 36. a4 Nf7 37. a5 Be5+ 38. g3 Bd6 39. a6 Ng5 40. a7 f4 41. a8=Q fxg3+ 42. Kg2 Ne6 43. Qac6 Rf8 1-0

[Event "*** Titled Tuesday Blitz"]
[Site "Chess.com"]
[Date "2020.05.05"]
[Round "8"]
[White "StockholmMissile"]
[Black "bazar-wokzal"]
[Result "1-0"]
[WhiteElo "2421"]
[BlackElo "2523"]
[TimeControl "180+1"]
[EndTime "11:36:10 PDT"]
[Termination "StockholmMissile won on time"]

1. d4 Nf6 2. c4 Nc6 3. Nf3 e6 4. a3 d5 5. Nc3 dxc4 6. Bg5 Na5 7. e4 c6 8. e5 h6 9. Bh4 g5 10. Nxg5 hxg5 11. Bxg5 Be7 12. exf6 Bxf6 13. Bxf6 Qxf6 14. Qa4 Nb3 15. Rd1 b5 16. Qb4 Bd7 17. Ne4 Qf4 18.
Nd6+ Kd8 19. Nb7+ Kc7 20. Nc5 a5 21. Qc3 Nxc5 22. dxc5 Rh5 23. Be2 Rxc5 24. O-O Rg8 25. g3 Rd5 26. Qxa5+ Kb7 27. a4 Qe5 28. Bf3 Ra8 29. Qb4 Rxa4 30. Qe7 Kc7 31. Bxd5 cxd5 32. b3 Ra2 33. bxc4 bxc4 34. Qc5+ Bc6 35. Rb1 Rb2 36. Qa7+ Kc8 37. Qxf7 c3 38. Rbe1 Re2 39. Qf8+ Kc7 40. Ra1 c2 41. Ra7+ Kb6 42. Qa3 d4 43. Rh7 Qd5 44.
Qb4+ 1-0

[Event "*** Titled Tuesday Blitz"]
[Site "Chess.com"]
[Date "2020.05.05"]
[Round "8"]
[White "alexsergeyev"]
[Black "Kimster98"]
[Result "0-1"]
[WhiteElo "2389"]
[BlackElo "2527"]
[TimeControl "180+1"]
[EndTime "11:36:10 PDT"]
[Termination "Kimster98 won on time"]

1. c4 e6 2. Nc3 d5 3. d4 Bb4 4. cxd5 exd5 5. Qc2 Ne7 6. e3 Bf5 7.
Bd3 Bxd3 8. Qxd3 c6 9. Ne2 Nd7 10. Bd2 Nf6 11. O-O-O Qd7 12. Kb1 Qf5 13. Qxf5 Nxf5 14.
f3 O-O 15. a3 Bxc3 16. Nxc3 Rfe8 17. Rhe1 Re6 18. Kc2 Rae8 19. Kd3 Nd6 20. b3 h5 21. Na4 Nf5 22. Nc5 R6e7 23. e4 dxe4+ 24. fxe4 b6 25. exf5 bxc5 26. Rxe7 Rxe7 27. dxc5 Rd7+ 28.
Kc2 Rd5 29. b4 Rxf5 30. Be3 Nd5 31. Kd3 a6 32. Rd2 Re5 33. Bd4 Re1 34. Rf2 f6 35. Kc4 Kf7 36. a4 Rb1 37. Rb2 Ne3+ 38. Kb3 Rxb2+ 39.
Bxb2 Nxg2 40. b5 cxb5 41. axb5 axb5 42. Kb4 Ke6 43. Kxb5 Kd7 44. Kb6 Kc8 45. Kc6 Ne3 46. Bc1 Ng4 47. h4 Ne5+ 48. Kd6 Nf3 49. Ke6 Nxh4 50.
Kf7 Nf5 51. Kg6 Ng3 0-1

[Event "*** Titled Tuesday Blitz"]
[Site "Chess.com"]
[Date "2020.05.05"]
[Round "8"]
[White "ChronicUnhappiness"]
[Black "AshotParvanyan"]
[Result "1/2-1/2"]
[WhiteElo "2317"]
[BlackElo "2478"]
[TimeControl "180+1"]
[EndTime "11:36:10 PDT"]
[Termination "Game drawn - insufficient material"]

1. d4 Nf6 2. c4 c5 3. Nf3 g6 4. Nc3 Bg7 5. g3 O-O 6. Bg2 d6 7. O-O Nc6 8. dxc5 dxc5 9. Be3 Qa5 10. Qa4 Qb4 11. Qxb4 cxb4 12. Nd5 Bf5 13. Rad1 Ne4 14. Nh4 Nd6 15. Bc5 Nxc4 16. Nxf5 gxf5 17. Nxe7+ Nxe7 18. Bxe7 Rfe8 19. Bxb4 Rxe2 20. b3 Ne5 21. Rd5 Rxa2 22. Re1 Nc6 23. Rd7 Nxb4 24. Rxb7 Bc3 25. Ree7 Rf8 26.
Rxa7 Rxa7 27. Rxa7 Nd3 28. Rb7 Bd4 29. Rd7 Bxf2+ 30.
Kf1 Ne5 31. Rd5 Ng4 32. h3 Ne3+ 33. Kxf2 Nxd5 34. Bxd5 Rb8 35. Ke3 Kg7 36. Kd4 Kf6 37.
Kc5 Rd8 38. b4 Rc8+ 39. Bc6 Ke5 40. b5 Rb8 41. b6 f4 42. gxf4+ Kxf4 43. b7 Kg3 44.
Kb6 Rxb7+ 45. Bxb7 Kxh3 46. Kc5 Kg3 47. Kd4 h5 48. Ke3 h4 49. Ke2 f5 50. Kf1 h3 51. Kg1 h2+ 52. Kh1 f4 53. Bc6 f3 54.
Bxf3 Kxf3 55. Kxh2 1/2-1/2

[Event "*** Titled Tuesday Blitz"]
[Site "Chess.com"]
[Date "2020.05.05"]
[Round "8"]
[White "Tsukasa06"]
[Black "j2806"]
[Result "1-0"]
[WhiteElo "2210"]
[BlackElo "1980"]
[TimeControl "180+1"]
[EndTime "11:36:11 PDT"]
[Termination "Tsukasa06 won by resignation"]

1. e4 c5 2. c3 d5 3. exd5 Qxd5 4. Nf3 Nf6 5. d4 Bg4 6. Be2 e6 7. Be3 cxd4 8. cxd4 Nc6 9. O-O Be7 10. Nc3 Qd7 11. Qb3 O-O 12. Rfd1 Rfd8 13. h3 Bh5 14. Rac1 Rac8 15. Ne5 Qc7 16. Nb5 Qb6 17. Bxh5 Nxh5 18.
d5 Qa5 19. dxc6 Rxd1+ 20. Rxd1 bxc6 21. Nxc6 Rxc6 22. Nd4 Rc8 23. Qb7 Qc7 24. Qb5 Nf6 25. Rc1 Qd8 26. Nc6 Rxc6 27. Qxc6 Nd5 28. Qc8 Kf8 29.
Bxa7 Ke8 30. Qxd8+ Kxd8 31. Bd4 Kd7 32. a4 f6 33. a5 Nb4 34. Bc5 Bxc5 35. Rxc5 Na6 36. Rb5 Kc7 37. Rb6 Nc5 38. b4 Nd3 39. Kf1 e5 40.
Ke2 Nf4+ 41. Kf3 Nd5 42. Rb5 Kc6 43. Rc5+ Kd6 44. Rxd5+ Kxd5 45. a6 Kc6 46. b5+ Kb6 47. g4 g6 48. Ke4 h6 49. f4 exf4 50. Kxf4 Ka7 51. Ke4 Kb6 52. h4 Ka7 53. h5 gxh5 54.
gxh5 Kb6 55. Kf5 Ka7 56. Kxf6 Kb6 57. Kg6 Ka7 58. Kxh6 Kb6 59. Kg5 Ka7 60. h6 1-0

[Event "*** Titled Tuesday Blitz"]
[Site "Chess.com"]
[Date "2020.05.05"]
[Round "8"]
[White "youngKID"]
[Black "Azatic"]
[Result "0-1"]
[WhiteElo "2775"]
[BlackElo "2643"]
[TimeControl "180+1"]
[EndTime "11:36:13 PDT"]
[Termination "Azatic won on time"]

1. e4 c5 2. Nf3 e6 3. d4 cxd4 4. Nxd4 a6 5. c4 Qc7 6. Nc3 Nf6 7. Be2 Be7 8. Be3 O-O 9. O-O b6 10. Qd2 Bb7 11. f3 d6 12. Rfc1 Nbd7 13. Kh1 h5 14. a4 Ne5 15. a5 bxa5 16. Nb3 Nc6 17. Nd5 exd5 18. cxd5 Qd7 19. dxc6 Bxc6 20. Rxa5 Bb7 21. e5 dxe5 22. Qxd7 Nxd7 23. Rc7 Bc8 24. Rc1 Rb8 25.
Bc4 Nb6 26. Bxb6 Rxb6 27. Rxe5 Bf6 28. Rxh5 g6 29. Rc5 Bf5 30. g4 Bd7 31. Rc7 Rd6 32. Rc2 Bb5 33. Bxb5 Rd1+ 34. Kg2 axb5 35. Nc5 Rfd8 36.
Ne4 Be5 37. R7c5 Bd4 38. Rxb5 Be3 39. Nf2 R1d2 40. Rbc5 Bxf2 41. Rxd2 Rxd2 42. Rc8+ Kg7 43. f4 Bd4+ 0-1